 Dungeon Crawl Stone Soup version 0.27-a0-631-g2d681adce0 (webtiles) character file.

Game seed: 6613869260217783674

40 inc the Scratcher (level 3, 17/17 HPs)
             Began as a Felid Chaos Knight on Mar 13, 2021.
             Was a Plaything of Xom.
             Quit the game on level 3 of the Dungeon.
             The game lasted 00:03:55 (2808 turns).

inc the Scratcher (Felid Chaos Knight)              Turns: 2808, Time: 00:03:56

Health: 17/17      AC:  3    Str:  8    XL:     3   Next: 30%
Magic:  4/4        EV: 17    Int: 13    God:    Xom [......]
Gold:   120        SH:  0    Dex: 14    Spells: 2/2 levels left
                                        Lives:  0   Deaths: 1

rFire    . . .     SeeInvis +     - Unarmed
rCold    . . .     Faith    .   (shield unavailable)
rNeg     . . .     Spirit   .   (armour unavailable)
rPois    .         Reflect  .   (helmet unavailable)
rElec    .         Harm     .   (cloak unavailable)
rCorr    .         Rampage  .   (gloves unavailable)
Will     .....                  (boots unavailable)
Stlth    +++.......             (no amulet)
HPRegen  0.05/turn              (no ring)
MPRegen  0.09/turn              (no ring)

@: quick
A: very small, claws 1, fangs 3, see invisible, speed 1, shaggy fur 1, stealthy
paws, no weapons or thrown items, no armour, multi-lived, thin metallic scales
1, clumsy 1, deterioration 2
a: Renounce Religion


You were on level 3 of the Dungeon.
You worshipped Xom.
You were a very special plaything of Xom.
You visited 1 branch of the dungeon, and saw 3 of its levels.

You collected 120 gold pieces.

Inventory:

Scrolls
 a - a scroll of enchant weapon {unknown}
 b - a scroll of identify {unknown}
 c - a scroll of magic mapping {unknown}
Potions
 d - a potion of flight {unknown}


   Skills:
 - Level 3.0 Fighting
 - Level 3.2 Dodging
 + Level 3.1 Stealth
 * Level 4.6 Unarmed Combat


You had 2 spell levels left.
You didn't know any spells.
Your spell library was empty.

Dungeon Overview and Level Annotations

Branches:
Dungeon (3/15)

Altars:
Ashenzari
Dithmenos
Wu Jian

Annotations:
D:3 Natasha


Innate Abilities, Weirdness & Mutations

You have sharp claws.
You have razor-sharp teeth.
You have supernaturally acute eyesight. (SInv)
You cover ground quickly. (Speed+)
You are covered in fur. (AC +1)
Your stealthy paws help you sneak and pounce on unaware monsters.
You are incapable of wielding weapons or throwing items.
You cannot wear armour.
You gain extra lives every three experience levels.
You are partially covered in thin metallic scales. (AC +2)
You are clumsy. (Dex -2)
Your body often deteriorates upon taking damage.


Message History

A dart slug comes into view.
The dart slug launches a dart at you. The slug dart misses you.
Natasha casts a spell.
Natasha drinks a potion.
Natasha seems to speed up.
The crimson imp shouts!
You hear Xom's avuncular chuckle.
The crimson imp evaporates and reforms as a white imp!
You claw Natasha!
Natasha is heavily wounded.
Natasha barely misses you.
You scratch Natasha but do no damage.
Natasha is heavily wounded.
Natasha stares at you and mumbles some strange words.
The magic dart hits you.
Your body deteriorates!
You feel weakened.
You barely miss Natasha.
Natasha is heavily wounded.
Natasha claws you but does no damage. Natasha completely misses you.
You scratch Natasha.
Natasha is heavily wounded.
Natasha barely misses you.
You scratch Natasha.
Natasha is almost dead.
Natasha claws you.
Your body deteriorates!
You feel dopey.
A shower of butterflies erupts from you!
Something barely misses your butterfly.
You miss Natasha.
Natasha is almost dead.
Natasha claws you!
* * * LOW HITPOINT WARNING * * *
Your body deteriorates!
You feel dopey. Natasha claws you.
You die...
You are now level 3!
Xom thinks this is hilarious!
You rejoin the land of the living...
Unknown command.
Are you sure you want to abandon this character and quit the game? (Confirm with "yes".)

#.# #.# ...
#.# ... #.#
#####.#######
#....@.......
#.###########


There were no monsters in sight!

Vanquished Creatures
  An orc wizard (D:2)
  2 adders (D:2)
  A leopard gecko (D:1)
  4 orcs
  2 ball pythons
  4 bats
  3 giant cockroaches
  6 goblins
  5 hobgoblins
  4 kobolds (D:1)
  A quokka (D:2)
  2 frilled lizards (D:1)
  4 rats
39 creatures vanquished.

Notes
Turn   | Place    | Note
-------+----------+-------------------------------------------
     0 | D:1      | inc the Felid Chaos Knight began the quest for the Orb.
     0 | D:1      | Reached XP level 1. HP: 10/10 MP: 2/2
    94 | D:1      | Reached skill level 1 in Stealth
   109 | D:1      | Reached XP level 2. HP: 12/14 MP: 3/3
   445 | D:1      | XOM: silly message
   812 | D:1      | XOM: 5-stop teleportation journey
   993 | D:1      | XOM: stat loss: -1 Str (7/8)
  1033 | D:1      | XOM: give mutations
  1033 | D:1      | Gained mutation: You are partially covered in thin metallic
                  | scales. (AC +2) [Xom's mischief]
  1033 | D:1      | Gained mutation: Your body sometimes deteriorates upon
                  | taking damage. [Xom's mischief]
  1033 | D:1      | Gained mutation: Your body often deteriorates upon taking
                  | damage. [Xom's mischief]
  1033 | D:1      | Gained mutation: You are clumsy. (Dex -2) [Xom's mischief]
  1038 | D:2      | Found a shadowy altar of Dithmenos.
  1050 | D:2      | Found an ornate altar of the Wu Jian Council.
  1120 | D:2      | Reached XP level 3. HP: 10/17 MP: 4/4
  1122 | D:2      | Reached skill level 4 in Unarmed Combat
  1324 | D:2      | XOM is BORED!
  1324 | D:2      | XOM: 5-stop teleportation journey
  1456 | D:2      | XOM: 2-stop teleportation journey
  1464 | D:2      | XOM: swap monsters
  1814 | D:2      | XOM: blink monster(s)
  1830 | D:2      | XOM: smoke on damage
  2097 | D:1      | Reached XP level 4. HP: 17/21 MP: 5/5
  2623 | D:2      | Found a broken altar of Ashenzari.
  2746 | D:3      | Noticed Natasha
  2799 | D:3      | XOM: polymorph crimson imp -> white imp
  2806 | D:3      | XOM: butterfly on damage
  2807 | D:3      | Slain by Natasha
  2808 | D:3      | Reached XP level 3. HP: -1/17 MP: 4/4
  2808 | D:3      | Quit the game

Illustrated notes

Levels and vault maps discovered:
D:1:      lemuel_arrival_room, layout_loops_ring
D:2:      layout_basic, nicolae_dithmenos_shadow_blocks,
          nicolae_overflow_crystal_walls, marbit_many_paths,
          kennysheep_generic_room_9
D:3:      corexii_shack_village, layout_loops_cross, minmay_bisected,
          uniq_natasha

Skill      XL: |  1  2  3  4 |
---------------+-------------+-----
Stealth        | 1 2 3 |  3.1
Unarmed Combat | 4 |  4.6
Fighting       | |  3.0
Dodging        | |  3.2

Action                   |  1- 3 |  4- 6 || total
-------------------------+-------+-------++-------
Melee: Unarmed           |   103 |    30 ||   133
       Bite              |     7 |     1 ||     8
 Stab: Sleeping          |     2 |     2 ||     4
Armor: Skin              |    12 |     3 ||    15
Dodge: Dodged            |    96 |    15 ||   111

Table legend: (Time is in decaauts)
 A = Elapsed time spent in this place.
 B = Non-inter-level travel time spent in this place.
 C = Inter-level travel time spent in this place.
 D = Time resting spent in this place.
 E = Time spent auto-exploring this place.
 F = Levels seen in this place.
 G = Mean time per level.
                   A        B        C        D        E       F      G
               +--------+--------+--------+--------+--------+-----+--------+
         Total |   2518 |   2482 |     36 |    543 |   1449 |   3 |  839.3 |
       Dungeon |   2518 |   2482 |     36 |    543 |   1449 |   3 |  839.3 |
               +--------+--------+--------+--------+--------+-----+--------+

Top non-repeatable levels by time:
     D:1: 1474 daAuts
     D:2: 963 daAuts
     D:3: 79 daAuts
